 Dungeon Crawl Stone Soup version 0.23.0 (webtiles) character file.

Game seed: 1792334682019331506

5933 Blackhawk the Cleaver (level 10, -7/93 HPs)
             Began as a Hill Orc Fighter on Feb 10, 2019.
             Was a Believer of Okawaru.
             Killed by divine providence
             ... invoked by a meliai
              (14 damage)
             ... on level 9 of the Dungeon.
             The game lasted 00:13:57 (11158 turns).

Blackhawk the Cleaver (Hill Orc Fighter)           Turns: 11158, Time: 00:13:58

Health: -7/93      AC: 15    Str: 23    XL:     10   Next: 83%
Magic:  10/10      EV:  6    Int:  8    God:    Okawaru [**....]
Gold:   521        SH: 11    Dex: 10    Spells: 9/9 levels left

rFire    . . .     SeeInvis .   a - +0 war axe
rCold    . . .     Gourm    .   c - +0 shield
rNeg     + . .     Faith    .   s - +0 plate armour
rPois    .         Spirit   .   (no helmet)
rElec    .         Reflect  .   G - +0 cloak
rCorr    +         Harm     .   (no gloves)
MR       .....                  (no boots)
Stlth    ..........             d - macabre finger necklace {rN+}
HPRegen  0.25/turn              t - ring of stealth
MPRegen  0.12/turn              v - ring of resist corrosion
                                (no ring)

@: no status effects
A: no striking features
a: Heroism, Renounce Religion


You were on level 9 of the Dungeon.
You worshipped Okawaru.
Okawaru was pleased with you.
You were hungry.

You visited 2 branches of the dungeon, and saw 10 of its levels.

You collected 521 gold pieces.

Inventory:

Hand Weapons
 a - a +0 war axe (weapon)
 w - a +1 flail of crushing
 E - a +4 flail of protection
Missiles
 y - 3 throwing nets (quivered)
Armour
 b - a +0 scale mail
 c - a +0 shield (worn)
 s - a +0 plate armour (worn)
 G - a +0 cloak (worn)
Jewellery
 d - the macabre finger necklace (around neck) {rN+}
   (You found it on level 4 of the Dungeon)

   [amulet of nothing]

   It protects you from negative energy.
 t - a ring of stealth (left hand)
 v - a ring of resist corrosion (right hand)
 B - an uncursed ring of magical power {unknown}
 F - a +3 ring of intelligence {unknown}
Wands
 z - a wand of enslavement (7)
 L - a wand of acid (3)
Scrolls
 e - 2 scrolls of random uselessness {unknown}
 g - a scroll of magic mapping {unknown}
 h - 3 scrolls of amnesia {unknown}
 l - 6 scrolls of identify {unknown}
 m - 3 scrolls of enchant armour {unknown}
 o - 5 scrolls of teleportation {unknown}
 p - 2 scrolls of fog {unknown}
 r - 3 scrolls of enchant weapon {unknown}
 C - 5 scrolls of remove curse {unknown}
 J - a scroll of noise {unknown}
Potions
 i - 2 potions of agility
 j - 2 potions of magic {unknown}
 k - a potion of haste {unknown}
 n - 3 potions of invisibility {unknown}
 q - 2 potions of resistance {unknown}
 u - 2 potions of lignification {unknown}
 x - 2 potions of curing
 A - 2 potions of cancellation {unknown}
 D - 2 potions of degeneration {unknown}
 H - a potion of brilliance {unknown}
 I - a potion of flight {unknown}
Comestibles
 f - 20 rations


   Skills:
 + Level 10.2 Fighting
 + Level 10.6 Axes
 + Level 9.3 Armour
 + Level 9.4 Shields


You had 9 spell levels left.
You didn't know any spells.
Your spell library contained the following spells:

 Spells                   Type           Power        Failure   Level  Hunger
 Animate Skeleton         Necr           N/A          100%        1    ##.....
 Beastly Appendage        Tmut           #.....       100%        1    ##.....
 Magic Dart               Conj           #...         100%        1    ##.....
 Pain                     Necr           #...         100%        1    ##.....
 Searing Ray              Conj           #.....       100%        2    ###....
 Sticks to Snakes         Tmut           #.......     100%        2    ###....
 Dazzling Spray           Conj/Hex       #.....       100%        3    ####...
 Regeneration             Chrm/Necr      #.........   100%        3    ####...
 Spider Form              Tmut/Pois      #.........   100%        3    ####...
 Vampiric Draining        Necr           #.........   100%        3    ####...
 Animate Dead             Necr           N/A          100%        4    #####..
 Force Lance              Conj/Tloc      #.......     100%        4    #####..
 Fulminant Prism          Conj/Hex       #.........   100%        4    #####..
 Ice Form                 Ice/Tmut       #.......     100%        4    #####..
 Iskenderun's Mystic Bla  Conj           #.......     100%        4    #####..
 Blade Hands              Tmut           #.........   100%        5    ######.


Dungeon Overview and Level Annotations

Branches:
Dungeon (9/15)             Temple (1/1) D:6            Lair (0/6) D:9
    Orc (0/2) D:9

Altars:
Ashenzari
Cheibriados
Dithmenos
Fedhas
Gozag
Hepliaklqana
Makhleb
Nemelex Xobeh
Okawaru
Qazlal
Ru
Sif Muna
Trog
Uskayaw
Vehumet
Wu Jian
Xom
Yredelemnul
Zin
The Shining One

Shops:
D:8 ?


Message History

Something smites you!
* * * LOW HITPOINT WARNING * * *
You block the meliai's attack. x2
The meliai mumbles some strange prayers to its god against you.
Something smites you!
* * * LOW HITPOINT WARNING * * *
The meliai hits you but does no damage. The meliai closely misses you.
The meliai mumbles some strange prayers to its god against you.
Something smites you!
* * * LOW HITPOINT WARNING * * *
The meliai hits you but does no damage.
The meliai stings you but does no damage.
It was a potion of curing.
You feel better. The meliai barely misses you. You block the meliai's attack.
The meliai hits you with a +0 hand axe.
* * * LOW HITPOINT WARNING * * *
The meliai stings you but does no damage.
You block the meliai's attack. The meliai barely misses you.
The meliai mumbles some strange prayers to its god against you.
Something smites you!
You die...

# ...P .#............#
###P..P. P..........(#....##.
.....P.......###.....##......
##..P.PPPP.... #.............
.....P..PPP... #....#r...####
.....PPPPP.P.P.######.#..#
...P.P..P.PPP..### #(...#
..PPPP.P.PPPP....####..#.#
..PPP...P.PP.P..@yycr....#
P..P.PPP.P...P.P.#y.###..#
..P.PPP>PP.PPP..##.## ..#
.PPP.P..P.PPP..P...# ..#
..(PP..PP.P..P....## ..#


..PPPP.PPP.PPP..#.# .# #..P..P....PP..##.# ..P.P.PPPPPP......#
(..P.P..PPP.P...### You could see 3 meliai, a centaur and a quokka.

Vanquished Creatures
  Grinder (D:4)
  A hippogriff (D:9)
  4 yaks (D:9)
  Edmund (D:6)
  A hungry ghost (D:8)
  6 porcupines (D:9)
  A water moccasin (D:8)
  2 sky beasts
  An ice beast (D:8)
  2 orc warriors
  2 black bears
  4 phantoms
  7 ogres
  5 centaurs
  A crocodile (D:8)
  A big kobold (D:7)
  4 bullfrogs
  3 scorpions
  A water moccasin skeleton (D:8)
  5 killer bees (D:8)
  A howler monkey (D:6)
  A bullfrog zombie (D:8)
  A centaur zombie (D:8)
  2 crimson imps (D:5)
  An orc wizard (D:6)
  8 hounds
  2 orc priests
  Crazy Yiuf (D:7)
  2 bullfrog skeletons (D:4)
  4 iguanas
  11 worker ants
  6 gnolls
  14 adders
  An ooze (D:1)
  An adder skeleton (D:7)
  6 worms
  2 dart slugs
  4 leopard geckos
  11 orcs
  7 bats
  4 giant cockroaches
  8 hobgoblins
  15 jackals
  2 quokkas
  5 frilled lizards
  10 goblins
  A jackal skeleton (D:5)
  22 kobolds
  9 rats
  A fungus (D:9)
216 creatures vanquished.

Vanquished Creatures (others)
  2 fungi (D:9)
  A plant (D:9)
3 creatures vanquished.

Grand Total: 219 creatures vanquished

Notes
Turn   | Place    | Note
-------+----------+-------------------------------------------
     0 | D:1      | Blackhawk the Hill Orc Fighter began the quest for the Orb.
     0 | D:1      | Reached XP level 1. HP: 19/19 MP: 1/1
    67 | D:1      | Reached XP level 2. HP: 9/27 MP: 2/2
   450 | D:1      | Reached XP level 3. HP: 19/33 MP: 3/3
  1338 | D:2      | Reached XP level 4. HP: 19/40 MP: 4/4
  2464 | D:3      | Reached XP level 5. HP: 35/47 MP: 5/5
  2809 | D:3      | Found a burning altar of Makhleb.
  3451 | D:4      | Reached skill level 5 in Fighting
  3451 | D:4      | Reached XP level 6. HP: 44/56 MP: 6/6
  3712 | D:4      | Found a shimmering altar of Xom.
  3713 | D:4      | Found a shimmering altar of Xom.
  3714 | D:4      | Found a shimmering altar of Xom.
  3715 | D:4      | Found a shimmering altar of Xom.
  3729 | D:4      | Found a shimmering altar of Xom.
  3729 | D:4      | Found a shimmering altar of Xom.
  3729 | D:4      | Found a shimmering altar of Xom.
  3729 | D:4      | Found a shimmering altar of Xom.
  3730 | D:4      | Found a shimmering altar of Xom.
  3825 | D:4      | Reached skill level 5 in Axes
  3998 | D:4      | Reached skill level 5 in Shields
  4004 | D:4      | Noticed Grinder
  4009 | D:4      | Paralysed by Grinder for 5 turns
  4027 | D:4      | Reached skill level 5 in Armour
  4031 | D:4      | Killed Grinder
  4031 | D:4      | Reached XP level 7. HP: 25/62 MP: 7/7
  4402 | D:4      | Found the macabre finger necklace {rN+}
  4566 | D:5      | Entered Level 5 of the Dungeon
  5012 | D:5      | Reached XP level 8. HP: 66/71 MP: 8/8
  5088 | D:5      | Found a sacrificial altar of Ru.
  5091 | D:5      | Became a worshipper of Ru the Awakened
  5111 | D:5      | Found a shattered altar of Ashenzari.
  5476 | D:5      | Found a stormy altar of Qazlal.
  5479 | D:5      | Noticed an air elemental
  5479 | D:5      | Noticed a water elemental
  5572 | D:6      | Found a hide-covered altar of Uskayaw.
  5572 | D:6      | Noticed a +0 dagger
  5572 | D:6      | Noticed a +0 dagger
  6109 | D:6      | Noticed Edmund
  6110 | D:6      | Found a staircase to the Ecumenical Temple.
  6141 | D:6      | Killed Edmund
  6152 | Temple   | Entered the Ecumenical Temple
  6435 | D:6      | Found a hazy altar of Hepliaklqana.
  6518 | D:6      | Reached XP level 9. HP: 75/79 MP: 9/9
  6812 | D:6      | Found an opulent altar of Gozag.
  8183 | D:7      | Found a runed translucent door.
  8184 | D:7      | Noticed Crazy Yiuf
  8409 | D:7      | Killed Crazy Yiuf
  8837 | D:8      | Found Nicsy's Magic Scroll Emporium.
  9145 | D:8      | Reached XP level 10. HP: 86/91 MP: 10/10
  9165 | D:8      | Found an iron altar of Okawaru.
  9169 | D:8      | Fell from the grace of Ru
  9169 | D:8      | Became a worshipper of Warmaster Okawaru
 10142 | D:9      | Reached * piety under Okawaru
 10142 | D:9      | Reached skill level 10 in Axes
 10486 | D:9      | Reached skill level 10 in Fighting
 10682 | D:9      | Found a staircase to the Lair.
 10875 | D:9      | Reached ** piety under Okawaru
 11140 | D:9      | Found a staircase to the Orcish Mines.
 11156 | D:9      | HP: 4/93 [meliai/divine providence (12)]
 11158 | D:9      | Killed from afar by a meliai

Skill      XL: |  1  2  3  4  5  6  7  8  9 10 |
---------------+-------------------------------+-----
Axes           | 3 4 5 6 7 9 10 | 10.6
Fighting       | 4 5 6 7 9 10 | 10.2
Shields        | 4 5 6 8 9 |  9.4
Armour         | 4 5 6 8 9 |  9.3

Action                   |  1- 3 |  4- 6 |  7- 9 | 10-12 || total
-------------------------+-------+-------+-------+-------++-------
Melee: War axe           |   123 |   272 |   491 |   190 ||  1076
  Use: Potion            |       |     1 |       |     1 ||     2
  Eat: Chunk             |     2 |     9 |    18 |     6 ||    35
       Ration            |       |       |     1 |       ||     1
Armor: Scale mail        |    54 |    17 |       |       ||    71
       Plate armour      |       |   187 |   267 |   111 ||   565
Dodge: Dodged            |    36 |    59 |    56 |    55 ||   206
Block: Shield            |    66 |   138 |   239 |   136 ||   579
